 Dungeon Crawl Stone Soup version 0.18.1-48-g4cf74bf (webtiles) character file.

478 meme the Magician (level 6, -6/33 HPs)
             Began as a Deep Elf Air Elementalist on July 9, 2016.
             Was a Follower of Jiyva.
             Mangled by a slave (8 damage)
             ... led by Pikel
             ... on level 4 of the Dungeon.
             The game lasted 00:34:52 (2787 turns).

meme the Magician (Deep Elf Air Elementalist)       Turns: 2787, Time: 00:34:55

Health: -6/33      AC: 10    Str:  9    XL:     6   Next: 86%
Magic:  13/16      EV: 13    Int: 20    God:    Jiyva [*.....]
Gold:   199        SH:  0    Dex: 16    Spells: 4 memorised, 5 levels left

rFire  . . .     SeeInvis .     q - +2 mace (protect)
rCold  . . .     Gourm    .     a - +1 leather armour {rN+}
rNeg   + . .     Faith    .     (no shield)
rPois  .         Spirit   .     (no helmet)
rElec  .         Dismiss  .     (no cloak)
rCorr  .         Reflect  .     i - +0 pair of gloves {Str+3}
SustAt .         Harm     .     (no boots)
MR     .....                    (no amulet)
Stlth  ++........               (no ring)
                                (no ring)

@: not resistant to hostile enchantments, unstealthy
A: no striking features
a: Request Jelly, Renounce Religion


You were on level 4 of the Dungeon.
You worshipped Jiyva.
Jiyva was aware of your devotion.
You were not hungry.

You visited 2 branches of the dungeon, and saw 6 of its levels.

You collected 199 gold pieces.

Inventory:

Hand Weapons
 h - a +0 whip
 j - a +0 war axe of freezing
 q - a +2 mace of protection (weapon)
Armour
 a - a +1 leather armour of positive energy (worn)
 i - a +0 pair of gloves of strength (worn)
Wands
 k - a wand of acid (3/15)
 l - a wand of slowing (11/48)
Scrolls
 e - a scroll of fog
 m - a scroll of immolation
Books
 b - a book of Air

   Spells                             Type                      Level
   a - Shock                          Conjuration/Air              1
   b - Swiftness                      Charms/Air                   2
   c - Repel Missiles                 Charms/Air                   2
   d - Static Discharge               Conjuration/Air              3
   e - Lightning Bolt                 Conjuration/Air              5
Comestibles
 c - 2 bread rations
 f - 2 meat rations
 g - 2 slices of pizza


   Skills:
 + Level 0.5 Fighting
 + Level 0.5 Maces & Flails
 + Level 1.0 Armour
 + Level 3.4 Dodging
 + Level 3.5 Stealth
 + Level 5.5 Spellcasting
 + Level 3.3 Conjurations
 + Level 4.8 Air Magic


You had 5 spell levels left.
You knew the following spells:

 Your Spells              Type           Power        Failure   Level  Hunger
a - Shock                 Conj/Air       ###.         2%          1    None
b - Swiftness             Chrm/Air       ###.....     12%         2    None
c - Static Discharge      Conj/Air       ###.....     10%         3    ##.....
d - Lightning Bolt        Conj/Air       ###.......   77%         5    #####..


Dungeon Overview and Level Annotations

Branches:
Dungeon (5/15)             Temple (1/1) D:4

Altars:
Dithmenos
Elyvilon
Fedhas
Makhleb
Nemelex Xobeh
Okawaru
Pakellas
Ru
Sif Muna
Trog
Vehumet
Xom
The Shining One
Jiyva

Annotations:
D:4 Pikel
D:5 Dowan


Message History

You climb upwards.
Level annotation: Pikel
There is a stone staircase leading down here.
Casting: Shock
Confirm with . or Enter, or press ? or * to list all spells.
Okay, then.
Casting: Shock
Confirm with . or Enter, or press ? or * to list all spells.
The slave is struck by lightning.
The slave is lightly wounded.
The lightning arcs!
The slave is struck by lightning.
The slave is lightly wounded.
The lightning arcs!
The slave is struck by lightning.
The slave is moderately wounded.
The lightning grounds out.
The slave is struck by lightning.
The slave is moderately wounded.
The lightning grounds out.
The slave hits you.
* * * LOW HITPOINT WARNING * * *
The slave hits you!
You die...

#....####.#####..........
#.#####.........###..⌠..#
#.............### #......
########......# #......
#......# #...... #......#
#...... #..>...# #######
#p.....# #@p....#
########


You could see 2 slaves.

Vanquished Creatures
  A cyclops (D:4)
  Duvessa (D:5)
  An orc warrior (D:4)
  A slave (D:5)
  A scorpion (D:3)
  An orc priest (D:4)
  Ijyb (D:2)
  3 orc wizards
  Jessica (D:2)
  3 gnolls (D:3)
  6 adders
  A shadow imp (D:4)
  3 oozes
  An adder skeleton (D:4)
  A worm (D:3)
  3 giant geckos
  16 orcs
  2 ball pythons
  4 giant cockroaches
  8 goblins
  2 hobgoblins (D:1)
  4 jackals (D:2)
  3 kobolds
  8 bats
  5 giant newts
  7 rats
88 creatures vanquished.

Vanquished Creatures (others)
  An ogre (D:4)
  2 jellies (D:4)
3 creatures vanquished.

Grand Total: 91 creatures vanquished

Notes
Turn   | Place    | Note
--------------------------------------------------------------
     0 | D:1      | meme the Deep Elf Air Elementalist began the quest for the Orb.
     0 | D:1      | Reached XP level 1. HP: 10/10 MP: 6/6
   330 | D:1      | Reached XP level 2. HP: 15/15 MP: 5/8
   602 | D:2      | Learned a level 2 spell: Swiftness
   746 | D:2      | Noticed Jessica
   779 | D:2      | Killed Jessica
   779 | D:2      | Reached XP level 3. HP: 19/19 MP: 8/10
   898 | D:2      | Learned a level 3 spell: Static Discharge
   906 | D:2      | Noticed Ijyb
   934 | D:2      | Killed Ijyb
   934 | D:2      | Reached skill level 4 in Spellcasting
   934 | D:2      | Reached XP level 4. HP: 15/24 MP: 9/12
   945 | D:2      | Found a bloodstained altar of Trog.
  1260 | D:3      | Reached XP level 5. HP: 26/28 MP: 5/13
  1304 | D:3      | Learned a level 5 spell: Lightning Bolt
  1395 | D:3      | Found an iron altar of Okawaru.
  1403 | D:3      | Became a worshipper of Warmaster Okawaru
  1714 | D:3      | HP: 1/28 [scorpion (2)]
  1905 | D:3      | Reached XP level 6. HP: 21/32 MP: 4/15
  1982 | D:4      | Found a staircase to the Ecumenical Temple.
  1988 | Temple   | Entered the Ecumenical Temple
  1992 | Temple   | Fell from the grace of Okawaru
  1992 | Temple   | Became a worshipper of Jiyva Joorih the Shapeless
  2076 | D:4      | Found a deep blue altar of Sif Muna.
  2095 | D:4      | Reached skill level 5 in Spellcasting
  2191 | D:4      | Noticed an orc warrior
  2191 | D:4      | Noticed a cyclops
  2212 | D:4      | Killed a cyclops
  2213 | D:4      | Killed an orc warrior
  2228 | D:4      | Noticed an orc warrior
  2228 | D:4      | Noticed a two-headed ogre
  2433 | D:4      | Found a glowing golden altar of the Shining One.
  2488 | D:5      | Entered Level 5 of the Dungeon
  2488 | D:5      | Noticed Duvessa
  2498 | D:5      | Killed Duvessa
  2498 | D:5      | Reached skill level 1 in Armour
  2501 | D:5      | Noticed Dowan
  2578 | D:4      | Reached * piety under Jiyva
  2606 | D:5      | Noticed a slave
  2607 | D:5      | Noticed Pikel
  2609 | D:5      | Noticed a slave
  2609 | D:5      | Noticed a slave
  2611 | D:5      | Noticed a slave
  2616 | D:5      | Killed a slave
  2634 | D:4      | HP: 1/33 [adder skeleton (3)]
  2787 | D:4      | Mangled by a slave

Skill      XL: |  1  2  3  4  5  6 |
---------------+-------------------+-----
Spellcasting   | 4 5 |  5.5
Air Magic      | 4 |  4.8
Conjurations   | 2 3 |  3.3
Stealth        | 3 |  3.5
Dodging        | 3 |  3.4
Armour         | 1 |  1.0
Fighting       | |  0.5
Maces & Flails | |  0.5

Action                   |  1- 3 |  4- 6 || total
-------------------------+-------+-------++-------
Melee: Whip              |    24 |    31 ||    55
       Mace              |       |     9 ||     9
 Cast: Shock             |    40 |   133 ||   173
       Swiftness         |     1 |     1 ||     2
       Static Discharge  |       |    14 ||    14
  Use: Scroll            |     2 |     8 ||    10
       Potion            |     2 |     5 ||     7
 Stab: Sleeping          |     1 |     2 ||     3
  Eat: Chunk             |       |     3 ||     3
       Meat ration       |       |     1 ||     1
Armor: Robe              |    12 |     1 ||    13
       Leather armour    |       |    23 ||    23
Dodge: Dodged            |    21 |    73 ||    94
